[Event "Titled Tuesday Blitz May 16 Early 2023"]
[White "Bocharov, Dmitry"]
[Black "Gontcharov, Vladislav"]
[WhiteFideId "4138716"]
[BlackFideId "4123492"]
[WhiteElo "2469"]
[BlackElo "2420"]
[Result "1-0"]
[Round "04"]
[TimeControl "180+2"]
[Date "2023.05.16"]
[WhiteClock "0:00:19"]
[BlackClock "0:00:00"]

1. d4 Nf6 2. c4 e6 3. g3 Bb4+ 4. Bd2 Be7 5. Bg2 d5 6. Nf3 O-O 7. O-O c6 8. Qc2 b6 9. Bf4 Ba6 10. Nbd2 Nbd7 11. Rfd1 c5 12. Ne5 Bb7 13. Ndf3 cxd4 14. Nxd7 Qxd7 15. Ne5 Qc8 16. Rxd4 Bc5 17. Rdd1 dxc4 18. Bxb7 Qxb7 19. Qxc4 Rac8 20. Qb3 Nd5 21. Bd2 Rfd8 22. Rac1 h6 23. Qf3 Qe7 24. b4 Bd6 25. Nc6 Rxc6 26. Rxc6 Nxb4 27. Bxb4 Bxb4 28. Rxd8+ Qxd8 29. Kg2 Bc5 30. a4 a5 31. h4 Qd7 32. h5 Kf8 33. Qe4 Kg8 34. g4 Kf8 35. f4 Kg8 36. f5 exf5 37. gxf5 Qd8 38. f6 gxf6 39. Qg4+ Kh7 40. Qf5+ Kg7 41. Qg4+ Kh7 42. Rc8 Qd5+ 43. e4 Qg5 44. Qxg5 fxg5 45. Kh3 Kg7 46. Rc6 Bd4 47. Kg4 Bc5 48. Kf5 Bd4 49. e5 Bc5 50. Rc7 Kg8 51. Kf6 g4 52. Rxf7 Bf8 53. Kg6 g3 54. Rf3 Bg7 55. Rxg3 Bxe5 56. Rb3 Bd4 57. Kxh6 Bc5 58. Kg6 1-0


[Site "https://www.chess.com"]

[Event "Titled Tuesday Blitz May 16 Early 2023"]
[White "Dixit, Nikhil"]
[Black "Csonka, Balazs"]
[WhiteFideId "5059534"]
[BlackFideId "742910"]
[WhiteElo "2207"]
[BlackElo "2404"]
[Result "0-1"]
[Round "04"]
[TimeControl "180+2"]
[Date "2023.05.16"]
[WhiteClock "0:00:09"]
[BlackClock "0:00:06"]

1. e4 c5 2. Nf3 Nc6 3. d4 cxd4 4. Nxd4 e6 5. Nb5 Nf6 6. N1c3 Bc5 7. Bf4 O-O 8. Be2 e5 9. Bg5 h6 10. Bh4 d6 11. Nd5 g5 12. Nxf6+ Qxf6 13. Bg3 Be6 14. Nc7 Rad8 15. Nxe6 fxe6 16. O-O d5 17. c3 dxe4 18. Qc2 Qf5 19. Qa4 Rd2 20. Bb5 h5 21. h4 Qg4 22. Qc4 Bb6 23. Bxc6 bxc6 24. Kh2 gxh4 25. Bxe5 Rfxf2 26. Rxf2 Rxf2 27. Rg1 h3 28. Bg3 Rf7 29. Re1 hxg2 30. Kxg2 Rf2+ 31. Kh1 Qh3+ 32. Kg1 Rf1# 0-1


[Site "https://www.chess.com"]

[Event "Titled Tuesday Blitz May 16 Early 2023"]
[White "Manukyan, Sargis A."]
[Black "Gunina, Valentina"]
[WhiteFideId "13303970"]
[BlackFideId "4167570"]
[WhiteElo "2187"]
[BlackElo "2352"]
[Result "0-1"]
[Round "04"]
[TimeControl "180+2"]
[Date "2023.05.16"]
[WhiteClock "0:00:13"]
[BlackClock "0:00:43"]

1. d4 d5 2. c4 c6 3. Nc3 Nf6 4. e3 Bf5 5. cxd5 cxd5 6. Qb3 Nc6 7. Qxb7 Bd7 8. Qb3 Rb8 9. Qd1 Bf5 10. Nf3 Nb4 11. Qa4+ Nd7 12. e4 dxe4 13. Ne5 f6 14. Nxd7 Bxd7 15. Qd1 Bf5 16. Be3 Nd3+ 17. Bxd3 exd3 18. O-O e6 19. d5 Kf7 20. dxe6+ Bxe6 21. Bxa7 Rxb2 22. a4 Bd6 23. a5 Qc7 24. Ne4 Bxh2+ 25. Kh1 Be5 26. Bb6 Qc4 27. f3 d2 28. Ra4 Qb5 29. Rd4 Bb3 30. Qa1 Qe2 31. Nc3 d1=Q 32. Nxe2 Qxe2 33. Rg4 h5 34. Rf2 hxg4+ 35. Kg1 Bh2+ 36. Kh1 Bg3+ 37. Kg1 Bxf2+ 0-1


[Site "https://www.chess.com"]

[Event "Titled Tuesday Blitz May 16 Early 2023"]
[White "Di Benedetto, Edoardo"]
[Black "Thecourseoisildur"]
[WhiteFideId "875740"]
[WhiteElo "2296"]
[BlackElo "2553"]
[Result "0-1"]
[Round "04"]
[TimeControl "180+2"]
[Date "2023.05.16"]
[WhiteClock "0:00:04"]
[BlackClock "0:00:17"]

1. d4 Nf6 2. c4 g6 3. g3 Bg7 4. Bg2 d5 5. Nf3 O-O 6. cxd5 Nxd5 7. O-O Nb6 8. Nc3 Nc6 9. d5 Bxc3 10. dxc6 Bg7 11. Bf4 Qxd1 12. Raxd1 Bxb2 13. Nd4 Bxd4 14. Rxd4 bxc6 15. Bxc6 Bh3 16. Bxa8 Bxf1 17. Bf3 Bh3 18. Bxc7 Rc8 19. Rd8+ Rxd8 20. Bxd8 Kf8 21. Bc6 Be6 22. a4 Bd7 23. Bb5 Ke8 24. Bc7 Nxa4 25. Bxa4 Bxa4 26. f4 Kd7 27. Be5 e6 28. Kf2 Kc6 29. Ke3 Kd5 30. Ba1 Bb5 31. Kd2 Ke4 32. Bc3 a6 33. h4 Kf5 34. Ke3 Kg4 35. Kf2 Bxe2 36. Kxe2 Kxg3 37. Ke3 Kxh4 38. Ke4 Kg4 39. Bd2 f6 40. Bc3 f5+ 41. Ke5 h5 42. Kxe6 h4 43. Kf6 h3 44. Kxg6 h2 45. Be5 h1=Q 46. Kf6 0-1


[Site "https://www.chess.com"]

[Event "Titled Tuesday Blitz May 16 Early 2023"]
[White "Preotu, Razvan"]
[Black "koncheto"]
[WhiteFideId "2613280"]
[WhiteElo "2407"]
[BlackElo "2552"]
[Result "0-1"]
[Round "04"]
[TimeControl "180+2"]
[Date "2023.05.16"]
[WhiteClock "0:00:00"]
[BlackClock "0:00:14"]

1. e4 c5 2. Nf3 d6 3. d4 cxd4 4. Nxd4 Nf6 5. Nc3 Nc6 6. Bg5 e6 7. Qd2 a6 8. O-O-O Bd7 9. f3 Rc8 10. Nxc6 Bxc6 11. Kb1 h6 12. Bf4 d5 13. exd5 Nxd5 14. Nxd5 Bxd5 15. Be5 Qg5 16. Qe1 Be7 17. h4 Qg6 18. Rc1 h5 19. Rh2 Bc4 20. Qc3 Bxa2+ 21. Kxa2 Rxc3 22. Bxc3 Bxh4 23. Bd3 Qg5 24. f4 Qxf4 25. Rhh1 Bf6 26. Bxf6 gxf6 27. Rcf1 Qe5 28. Rf3 Rg8 0-1


[Site "https://www.chess.com"]

[Event "Titled Tuesday Blitz May 16 Early 2023"]
[White "Badmatsyrenov, Oleg"]
[Black "Fiorito, Joaquin"]
[WhiteFideId "24115762"]
[BlackFideId "180173"]
[WhiteElo "2396"]
[BlackElo "2157"]
[Result "1-0"]
[Round "04"]
[TimeControl "180+2"]
[Date "2023.05.16"]
[WhiteClock "0:02:35"]
[BlackClock "0:00:54"]

1. e4 c6 2. d4 d5 3. Nc3 dxe4 4. Bc4 Nf6 5. f3 Bf5 6. g4 Bg6 7. g5 Nd5 8. fxe4 Nxc3 9. bxc3 Bxe4 10. Nf3 e6 11. O-O Bd6 12. Qe2 Bg6 13. Nh4 Qc7 14. a4 O-O 15. Nxg6 hxg6 16. Rf3 Nd7 17. Bxe6 Rae8 18. Bxf7+ Rxf7 19. Qxe8+ Rf8 20. Qe6+ 1-0


[Site "https://www.chess.com"]

[Event "Titled Tuesday Blitz May 16 Early 2023"]
[White "Kushko, Dmitriy"]
[Black "Mathieu, Phileas"]
[WhiteFideId "14162261"]
[BlackFideId "36048410"]
[WhiteElo "2230"]
[BlackElo "2241"]
[Result "0-1"]
[Round "04"]
[TimeControl "180+2"]
[Date "2023.05.16"]
[WhiteClock "0:00:03"]
[BlackClock "0:01:24"]

1. f4 b6 2. e4 Bb7 3. d3 g6 4. Nf3 Bg7 5. g3 d6 6. Bg2 c5 7. O-O Nc6 8. c3 e6 9. d4 Nge7 10. Be3 cxd4 11. cxd4 d5 12. e5 Nf5 13. Bf2 h5 14. Nc3 O-O 15. Re1 Ba6 16. Qa4 Bb7 17. Bf1 a6 18. Rac1 b5 19. Qd1 Qb6 20. h3 Rfc8 21. g4 hxg4 22. hxg4 Nh6 23. Bh3 a5 24. a4 Ba6 25. axb5 Bxb5 26. Nxb5 Qxb5 27. Qd2 a4 28. Rc5 Qb6 29. Rec1 Ne7 30. Bh4 Rxc5 31. dxc5 Qc7 32. Bxe7 Qxe7 33. g5 Nf5 34. Bxf5 gxf5 35. c6 Qc7 36. Qb4 Bf8 37. Qb7 Rc8 38. Qxc7 Rxc7 39. Nd4 Bb4 40. Nb5 Rc8 41. c7 Ba5 42. Rc6 Kf8 43. Ra6 Bd2 44. Ra7 Be3+ 45. Kf1 Bxa7 46. Nxa7 Rxc7 47. Nb5 Rc4 48. Ke2 Rxf4 49. Nd6 Rg4 0-1


[Site "https://www.chess.com"]

[Event "Titled Tuesday Blitz May 16 Early 2023"]
[White "Kleiman, Jake"]
[Black "Vaishali, Rameshbabu"]
[WhiteFideId "2020041"]
[BlackFideId "5091756"]
[WhiteElo "2548"]
[BlackElo "2410"]
[Result "1-0"]
[Round "04"]
[TimeControl "180+2"]
[Date "2023.05.16"]
[WhiteClock "0:00:11"]
[BlackClock "0:00:00"]

1. e4 c5 2. c3 d5 3. exd5 Qxd5 4. d4 Nc6 5. Nf3 Bf5 6. dxc5 Qxd1+ 7. Kxd1 O-O-O+ 8. Ke1 e5 9. Be3 Nf6 10. Nbd2 Nd5 11. Nb3 f6 12. Bc4 Nxe3 13. fxe3 Bc2 14. Nfd2 h5 15. e4 Bd3 16. Bxd3 Rxd3 17. Ke2 Rd7 18. Nc4 Rh6 19. Rad1 h4 20. Ne3 Rh5 21. Rd5 g6 22. Rhd1 Rf7 23. Nc4 Rg5 24. Kf2 h3 25. g3 f5 26. Ke2 f4 27. Rg1 Kc7 28. Rd3 Rh5 29. g4 Rhh7 30. Kf3 g5 31. Rgd1 Rd7 32. Rd5 Rde7 33. Nd6 Rd7 34. Ne8+ Kd8 35. Nf6 1-0


[Site "https://www.chess.com"]

[Event "Titled Tuesday Blitz May 16 Early 2023"]
[White "Gritsenko, Nikolai"]
[Black "Omelja, Artem"]
[WhiteFideId "14112493"]
[BlackFideId "14119846"]
[WhiteElo "2389"]
[BlackElo "2404"]
[Result "1-0"]
[Round "04"]
[TimeControl "180+2"]
[Date "2023.05.16"]
[WhiteClock "0:00:12"]
[BlackClock "0:00:00"]

1. d4 Nf6 2. Bg5 Ne4 3. h4 d5 4. Nd2 Nxg5 5. hxg5 e6 6. f4 c5 7. e3 Nc6 8. c3 h6 9. Ngf3 Be7 10. gxh6 g5 11. g3 gxf4 12. gxf4 cxd4 13. cxd4 Qb6 14. Qb3 Bd7 15. Qxb6 axb6 16. a3 Bf8 17. h7 O-O-O 18. Bd3 Kb8 19. Kf2 Be7 20. Rag1 f6 21. Bb5 Kc7 22. Rg7 Kd6 23. e4 dxe4 24. Nxe4+ Kd5 25. Bxc6+ bxc6 26. Rxe7 Kxe4 27. Nh4 Be8 28. Rxe6+ Kxf4 29. Rxf6+ Kg5 30. Rf5+ Kh6 31. Nf3+ Kg7 32. Rg5+ Bg6 33. Ne5 Rd6 34. Rhg1 Rxh7 35. Rxg6+ Rxg6 36. Rxg6+ Kf8 37. Nxc6 Rh2+ 38. Rg2 Rh1 39. Ne5 Rb1 40. Ke3 Ke7 41. Kd3 Kd6 42. Kc4 1-0


[Site "https://www.chess.com"]

[Event "Titled Tuesday Blitz May 16 Early 2023"]
[White "carokannlover213"]
[Black "Danielyan, Vahe"]
[BlackFideId "13304828"]
[WhiteElo "2703"]
[BlackElo "2423"]
[Result "0-1"]
[Round "04"]
[TimeControl "180+2"]
[Date "2023.05.16"]
[WhiteClock "0:00:00"]
[BlackClock "0:01:11"]

1. e4 c6 2. d4 d5 3. Nc3 dxe4 4. Nxe4 Nf6 5. Nxf6+ exf6 6. c3 Bd6 7. Bd3 Na6 8. Qc2 h5 9. Ne2 Nc7 10. Be3 h4 11. O-O-O Nd5 12. Bd2 b5 13. c4 bxc4 14. Bxc4 Kf8 15. Nc3 Nb4 16. Qe4 h3 17. gxh3 Rxh3 18. a3 Nd5 19. Rhe1 Be6 20. Nxd5 cxd5 21. Bxd5 Rc8+ 22. Kb1 f5 23. Qg2 Rxh2 24. Qf3 Bxd5 25. Qxd5 Rb8 26. Bc3 Rxf2 27. Rh1 Kg8 28. Rde1 Qb6 29. Ka1 Rxb2 30. Re8+ Rxe8 31. Bxb2 Rb8 32. Rb1 Bxa3 0-1


[Site "https://www.chess.com"]

[Event "Titled Tuesday Blitz May 16 Early 2023"]
[White "Belov, Alexei"]
[Black "caropawn10"]
[WhiteFideId "4128206"]
[WhiteElo "2544"]
[BlackElo "2698"]
[Result "0-1"]
[Round "04"]
[TimeControl "180+2"]
[Date "2023.05.16"]
[WhiteClock "0:01:23"]
[BlackClock "0:02:24"]

1. e4 c6 2. d4 d5 3. Nd2 dxe4 4. Nxe4 Nf6 5. Nxf6+ exf6 6. c3 Bd6 7. Bd3 O-O 8. Ne2 Re8 9. Qc2 h5 10. Be3 Nd7 11. O-O-O b5 12. d5 c5 13. Bxb5 Rb8 14. Bc6 Re7 15. Nf4 Ne5 16. Nxh5 Qa5 17. Qa4 Nxc6 18. Qxc6 Qxa2 19. Rd2 Bf5 20. Kd1 Qb1+ 21. Ke2 Bg4+ 22. f3 Qxh1 23. Qxd6 Rbe8 24. fxg4 Rxe3+ 0-1


[Site "https://www.chess.com"]

[Event "Titled Tuesday Blitz May 16 Early 2023"]
[White "Bilan, Danila"]
[Black "Rastbod, Ali"]
[WhiteFideId "24161918"]
[BlackFideId "12567477"]
[WhiteElo "2182"]
[BlackElo "2274"]
[Result "0-1"]
[Round "04"]
[TimeControl "180+2"]
[Date "2023.05.16"]
[WhiteClock "0:00:00"]
[BlackClock "0:02:03"]

1. d4 Nf6 2. Nf3 c5 3. e3 cxd4 4. exd4 d5 5. h3 Nc6 6. Bd3 Nb4 7. Bb5+ Bd7 8. Be2 Bf5 9. Bb5+ Nd7 10. Na3 a6 11. Be2 e6 12. c3 Nc6 13. Nc2 Bd6 14. Bg5 Qc7 15. a4 f6 16. Bd2 O-O 17. O-O Rae8 18. Ne3 Be4 19. Ne1 Ne7 20. Bd3 e5 21. Bxe4 dxe4 22. Qb3+ Kh8 23. Nd5 Nxd5 24. Qxd5 f5 25. a5 Nf6 26. Qb3 f4 27. Nc2 f3 28. g3 exd4 29. Nxd4 Bxg3 30. Ne6 Bxf2+ 31. Kxf2 Qh2+ 32. Ke3 Qe2+ 33. Kf4 Nd5+ 34. Ke5 Rxe6+ 35. Kxe6 Qxd2 36. Qxd5 Re8+ 37. Kf7 Qxd5+ 38. Kxe8 h5 39. Rad1 Qe6+ 40. Kf8 Qf6+ 41. Ke8 e3 42. Rd8 Kh7 0-1


[Site "https://www.chess.com"]

[Event "Titled Tuesday Blitz May 16 Early 2023"]
[White "Hua, Lefong"]
[Black "iHateNAJDORF"]
[WhiteFideId "2602253"]
[WhiteElo "2691"]
[BlackElo "2534"]
[Result "0-1"]
[Round "04"]
[TimeControl "180+2"]
[Date "2023.05.16"]
[WhiteClock "0:00:18"]
[BlackClock "0:00:12"]

1. d4 Nf6 2. c4 Nc6 3. Nf3 d6 4. g3 g6 5. Bg2 Bg7 6. O-O O-O 7. Nc3 Bg4 8. b3 Nd7 9. Be3 e5 10. d5 Ne7 11. Nd2 f5 12. Bg5 h6 13. Bxe7 Qxe7 14. Rc1 e4 15. f3 exf3 16. exf3 Qe3+ 17. Kh1 Bxc3 18. Nb1 Bg7 19. fxg4 f4 20. gxf4 Rxf4 21. Rxf4 Qxf4 22. Qf1 Qxg4 23. Bh3 Qe4+ 24. Qg2 Qxg2+ 25. Kxg2 Nc5 26. Re1 Be5 27. Nd2 a5 28. Nf3 Bf6 29. Re2 Kf8 30. Nd2 a4 31. b4 Nd3 32. Kf3 Nxb4 33. Ne4 Be5 34. c5 Nxd5 35. cxd6 cxd6 36. Rd2 Nb4 37. Nxd6 Rd8 38. Nc4 Rxd2 39. Nxd2 Nxa2 40. Nc4 Bxh2 41. Bd7 Nc3 42. Na3 Bd6 43. Nc2 b5 44. Ke3 b4 45. Kd3 a3 46. Nxa3 bxa3 47. Kxc3 Ke7 48. Bg4 Kf6 49. Kb3 h5 50. Be2 h4 51. Bg4 Kg5 0-1


[Site "https://www.chess.com"]

[Event "Titled Tuesday Blitz May 16 Early 2023"]
[White "Bethke, Richard"]
[Black "Mirzoev, Azer"]
[WhiteFideId "12959243"]
[BlackFideId "13400304"]
[WhiteElo "2369"]
[BlackElo "2525"]
[Result "0-1"]
[Round "04"]
[TimeControl "180+2"]
[Date "2023.05.16"]
[WhiteClock "0:00:00"]
[BlackClock "0:01:45"]

1. e4 c5 2. Nf3 e6 3. d4 cxd4 4. Nxd4 a6 5. Bd3 Nc6 6. Nxc6 bxc6 7. O-O d5 8. Qe2 Nf6 9. e5 Nd7 10. f4 Nc5 11. c4 Be7 12. Nc3 O-O 13. Bd2 a5 14. Rad1 Nxd3 15. Qxd3 Ba6 16. b3 dxc4 17. Qe4 cxb3 18. Rf3 Qb6+ 19. Be3 Qb4 20. Bd4 Rfd8 21. f5 exf5 22. Qxf5 Rxd4 23. Qxf7+ Kh8 24. Rdf1 Bc4 0-1


[Site "https://www.chess.com"]

[Event "Titled Tuesday Blitz May 16 Early 2023"]
[White "Seemann, Jakub"]
[Black "Yurasova, Daria"]
[WhiteFideId "21874697"]
[BlackFideId "34146919"]
[WhiteElo "2364"]
[BlackElo "2109"]
[Result "1-0"]
[Round "04"]
[TimeControl "180+2"]
[Date "2023.05.16"]
[WhiteClock "0:00:13"]
[BlackClock "0:00:16"]

1. g3 d5 2. Bg2 c6 3. Nf3 Nf6 4. O-O Bf5 5. b3 e6 6. Bb2 Be7 7. c4 h6 8. d3 O-O 9. Nbd2 Bh7 10. Ne5 Nbd7 11. Nxd7 Qxd7 12. Nf3 a5 13. Ne5 Qc7 14. a3 Rfd8 15. Qc2 Rac8 16. Rfd1 dxc4 17. Qxc4 Nd5 18. Rac1 Bf6 19. d4 Bxe5 20. dxe5 Nb6 21. Qc5 Rxd1+ 22. Rxd1 Rd8 23. Rxd8+ Qxd8 24. Qxa5 Bf5 25. Qe1 Bc2 26. h4 Bxb3 27. Qb4 Qd1+ 28. Kh2 Nc4 29. Bc3 Qc2 30. Bd4 Qd2 31. Qxb3 Qxd4 32. Qxb7 Qxf2 33. Qxc6 Ne3 34. Qa8+ Kh7 35. Qe4+ g6 36. Qf3 Qxf3 37. Bxf3 Nc4 38. a4 Kg8 39. Bc6 Kf8 40. Bb5 Na5 41. Kg2 Ke7 42. Kf3 Kd8 43. Ke4 Kc7 44. Be8 g5 45. Bxf7 gxh4 46. gxh4 Kd7 47. Kf4 Nc4 48. Bg6 Kc7 49. Bd3 Nb2 50. Bb5 Nd1 51. Kg4 Nc3 52. e3 Nd1 53. Kf3 Nc3 54. Kf4 Nd1 55. a5 Kb7 56. a6+ Kb6 57. Bc4 Nc3 58. Kg4 Na4 59. Kh5 Kc5 60. a7 Nb6 61. Bxe6 Kc6 62. Kxh6 Kc7 63. Kg7 Kd8 64. h5 Ke7 65. h6 Kxe6 66. h7 Kxe5 67. h8=Q Ke4 68. Qb8 1-0


[Site "https://www.chess.com"]

[Event "Titled Tuesday Blitz May 16 Early 2023"]
[White "Hamley, Ryan"]
[Black "Mendez Fortes, Eduardo Jesus"]
[WhiteFideId "30959497"]
[BlackFideId "3502376"]
[WhiteElo "2491"]
[BlackElo "2307"]
[Result "0-1"]
[Round "04"]
[TimeControl "180+2"]
[Date "2023.05.16"]
[WhiteClock "0:00:01"]
[BlackClock "0:01:14"]

1. e4 c5 2. Nf3 d6 3. c3 Nf6 4. Bd3 Nc6 5. Bc2 d5 6. e5 Nd7 7. d4 e6 8. O-O g6 9. a3 a5 10. Re1 b5 11. Bg5 Qb6 12. Be3 h6 13. Nbd2 c4 14. h4 Be7 15. h5 gxh5 16. Nh2 h4 17. Qh5 b4 18. axb4 Bb7 19. f4 axb4 20. f5 Nd8 21. Rxa8 Bxa8 22. Rf1 bxc3 23. bxc3 Nf8 24. Rb1 Qa5 25. f6 Ba3 26. Qxh4 Qxc3 27. Ba4+ Bc6 28. Bxc6+ Nxc6 29. Qf2 Bb4 30. Ndf3 Nd7 31. Bd2 Qd3 32. Ra1 Bxd2 33. Nxd2 O-O 34. Nhf3 Kh7 35. Qh4 Rg8 36. Kh2 c3 37. Nb3 Qc2 38. Nc5 Qxg2# 0-1


[Site "https://www.chess.com"]

[Event "Titled Tuesday Blitz May 16 Early 2023"]
[White "Aakanksha Hagawane"]
[Black "Krysa, Leandro"]
[WhiteFideId "25014510"]
[BlackFideId "116807"]
[WhiteElo "2081"]
[BlackElo "2489"]
[Result "1-0"]
[Round "04"]
[TimeControl "180+2"]
[Date "2023.05.16"]
[WhiteClock "0:00:15"]
[BlackClock "0:00:05"]

1. e4 e5 2. Nf3 Nc6 3. Bb5 a6 4. Ba4 Nf6 5. O-O Be7 6. Re1 b5 7. Bb3 d6 8. c3 O-O 9. d4 Bg4 10. Be3 Bh5 11. Nbd2 d5 12. exd5 Nxd5 13. dxe5 Nxe5 14. Bd4 Nc6 15. Qc2 Bg6 16. Qd1 Nxd4 17. Nxd4 c5 18. Nc6 Qd7 19. Bxd5 Rae8 20. Nxe7+ Rxe7 21. Rxe7 Qxe7 22. b3 Qe5 23. c4 bxc4 24. bxc4 Rb8 25. Nb3 Rc8 26. Qe1 Qb2 27. Qe7 h5 28. Re1 Qxa2 29. Nxc5 Qa3 30. Nd7 Qc3 31. h3 a5 32. Re3 Qa1+ 33. Kh2 Qd4 34. Ne5 Qf4+ 35. Kg1 Kh7 36. Nxg6 fxg6 37. Rf3 Qh6 38. Rf8 Rxf8 39. Qxf8 Qc1+ 40. Kh2 a4 41. h4 g5 42. Be4+ g6 43. Qf7+ Kh8 44. Qf6+ Kg8 45. Qxg6+ Kf8 46. Qf6+ Ke8 47. Bc6# 1-0


[Site "https://www.chess.com"]

[Event "Titled Tuesday Blitz May 16 Early 2023"]
[White "Volkov, Maksim"]
[Black "Chernov, Mikhail"]
[WhiteFideId "54123070"]
[BlackFideId "24143170"]
[WhiteElo "2297"]
[BlackElo "2113"]
[Result "1-0"]
[Round "04"]
[TimeControl "180+2"]
[Date "2023.05.16"]
[WhiteClock "0:01:14"]
[BlackClock "0:00:02"]

1. d4 d5 2. c4 c6 3. Nf3 Nf6 4. g3 Bf5 5. Nc3 e6 6. Nh4 Bg6 7. Nxg6 hxg6 8. Qd3 Nbd7 9. Bg2 Bd6 10. O-O O-O 11. Rd1 Qe7 12. b3 Rad8 13. Bb2 Ba3 14. Bxa3 Qxa3 15. c5 e5 16. e3 Rfe8 17. Rab1 exd4 18. exd4 Qa5 19. b4 Qc7 20. b5 Re7 21. Rb2 Rde8 22. Rdb1 Re1+ 23. Bf1 Rxb1 24. Rxb1 Ne4 25. Nd1 Qa5 26. Rb2 f5 27. Re2 Qxb5 28. Qxb5 cxb5 29. f3 Nef6 30. Rxe8+ Nxe8 31. Bxb5 Ndf6 32. Nc3 Kf7 33. Kf2 Nc7 34. Ba4 Ke7 35. Ke3 g5 36. Bb3 g6 37. a4 Kd7 38. Nb5 Nxb5 39. axb5 a5 40. b6 Ke6 41. Ba4 f4+ 42. gxf4 gxf4+ 43. Kxf4 Nd7 44. Kg5 1-0


[Site "https://www.chess.com"]

[Event "Titled Tuesday Blitz May 16 Early 2023"]
[White "Arabidze, Meri"]
[Black "electrosaw"]
[WhiteFideId "13604040"]
[WhiteElo "2405"]
[BlackElo "2468"]
[Result "1/2-1/2"]
[Round "04"]
[TimeControl "180+2"]
[Date "2023.05.16"]
[WhiteClock "0:00:04"]
[BlackClock "0:00:07"]

1. d4 Nf6 2. Nf3 g6 3. c4 Bg7 4. g3 O-O 5. Bg2 c5 6. d5 b5 7. O-O d6 8. cxb5 a6 9. Nc3 axb5 10. Nxb5 Na6 11. a4 Qb6 12. Ra3 Nb4 13. Nd2 Ba6 14. Nc4 Qb8 15. Na5 Bxb5 16. axb5 Qxb5 17. Nc6 Nxc6 18. dxc6 Rxa3 19. bxa3 c4 20. a4 Qa5 21. Ba3 Rd8 22. Qc2 Qa6 23. Rb1 Ne8 24. Rb7 Bf6 25. h4 e6 26. c7 Rc8 27. Rb8 d5 28. e4 Nxc7 29. Rxc8+ Qxc8 30. exd5 Nxd5 31. a5 c3 32. Bf1 Bd4 33. a6 Qc7 34. Kh2 Nf6 35. Kh3 h5 36. Bd3 Ng4 37. Bxg6 Nxf2+ 38. Kg2 Qc6+ 39. Kf1 Qh1+ 40. Ke2 Qg2 41. Bxf7+ Kxf7 42. Qh7+ Bg7 43. Qxh5+ Kg8 44. Qe8+ Kh7 45. Qh5+ Kg8 46. Qe8+ Kh7 47. Qh5+ Kg8 1/2-1/2


[Site "https://www.chess.com"]

[Event "Titled Tuesday Blitz May 16 Early 2023"]
[White "MKlose11"]
[Black "Devaev, Alexander"]
[BlackFideId "4169395"]
[WhiteElo "2666"]
[BlackElo "2172"]
[Result "1-0"]
[Round "04"]
[TimeControl "180+2"]
[Date "2023.05.16"]
[WhiteClock "0:02:16"]
[BlackClock "0:00:00"]

1. e4 c6 2. Nc3 d5 3. g3 d4 4. Nce2 e5 5. d3 c5 6. f4 Nc6 7. Bg2 Bg4 8. Nf3 Bd6 9. O-O Qc7 10. h3 Be6 11. Ng5 Qc8 12. Kh2 Bd7 13. Nxf7 Kxf7 14. fxe5+ Ke8 15. exd6 Nf6 16. Bg5 Rf8 17. Nf4 Ne5 18. Bxf6 Rxf6 19. Nd5 Rh6 20. Nc7+ Kd8 21. Rf8+ 1-0


[Site "https://www.chess.com"]

[Event "Titled Tuesday Blitz May 16 Early 2023"]
[White "Jumanov, Elbek"]
[Black "Priasmoro, Novendra"]
[WhiteFideId "14202905"]
[BlackFideId "7105029"]
[WhiteElo "2055"]
[BlackElo "2412"]
[Result "0-1"]
[Round "04"]
[TimeControl "180+2"]
[Date "2023.05.16"]
[WhiteClock "0:00:02"]
[BlackClock "0:00:55"]

1. c4 Nf6 2. Nf3 e6 3. d4 d5 4. g3 dxc4 5. Bg2 Be7 6. O-O O-O 7. Qc2 a6 8. a4 Bd7 9. Rd1 Bc6 10. Nc3 a5 11. e4 Na6 12. Ne5 Nb4 13. Qe2 Be8 14. Nxc4 c6 15. Be3 Nd7 16. e5 Nd5 17. Ne4 f5 18. Ned6 Rb8 19. Bd2 b6 20. Rac1 Bg6 21. f4 b5 22. Bxa5 Nc7 23. axb5 cxb5 24. Na3 Nb6 25. Naxb5 Nxb5 26. Nxb5 Be8 27. Nc7 Bd7 28. Na6 Rc8 29. Nc5 Rb8 30. Na6 Rc8 31. Nc5 Ra8 32. Qa6 Rxa6 33. Nxa6 Ba4 34. Rd2 Bb5 35. Nc7 Nc4 36. Rxc4 Bxc4 37. Rc2 Bb3 38. Rd2 Qb8 39. Nxe6 Bxe6 40. d5 Bb4 41. Bxb4 Qxb4 0-1


[Site "https://www.chess.com"]

[Event "Titled Tuesday Blitz May 16 Early 2023"]
[White "Cezila Jr, Rubens"]
[Black "Nitish Belurkar"]
[WhiteFideId "2116723"]
[BlackFideId "5084768"]
[WhiteElo "2214"]
[BlackElo "2352"]
[Result "0-1"]
[Round "04"]
[TimeControl "180+2"]
[Date "2023.05.16"]
[WhiteClock "0:00:00"]
[BlackClock "0:01:11"]

1. c4 Nf6 2. Nc3 g6 3. g3 Bg7 4. Bg2 d6 5. e4 O-O 6. h4 c5 7. d3 Nc6 8. Bg5 a6 9. Nf3 b5 10. Qc1 Bb7 11. h5 Nb4 12. Qd2 bxc4 13. Bxf6 Nxd3+ 14. Kf1 Bxf6 15. hxg6 fxg6 16. Qh6 Rf7 17. Nd5 Bxd5 18. exd5 Qf8 19. Qe3 Bxb2 20. Rd1 Bd4 21. Nxd4 Rxf2+ 22. Kg1 cxd4 23. Qxd4 Rf6 24. Rd2 Ne5 25. Kh2 Rc8 26. Re1 c3 27. Rc2 Rc4 28. Qa7 h5 29. Re4 Rxe4 30. Bxe4 Kg7 31. Qd4 Kh6 32. Qe3+ g5 33. Qxc3 Rf2+ 34. Bg2 Nf3+ 35. Kh1 Ne5 36. Qc8 Qxc8 37. Rxc8 Rxa2 38. Re8 Ng6 39. Ra8 Kg7 40. Kh2 a5 41. Kg1 a4 42. Bf1 a3 43. Bc4 Ra1+ 44. Kf2 Ne5 45. Bb3 Rc1 46. Rxa3 Rc3 0-1


[Site "https://www.chess.com"]

[Event "Titled Tuesday Blitz May 16 Early 2023"]
[White "Souleidis, Georgios"]
[Black "Czerw, Dawid"]
[WhiteFideId "4206827"]
[BlackFideId "1145746"]
[WhiteElo "2401"]
[BlackElo "2144"]
[Result "0-1"]
[Round "04"]
[TimeControl "180+2"]
[Date "2023.05.16"]
[WhiteClock "0:00:11"]
[BlackClock "0:00:32"]

1. e4 c5 2. Be2 Nc6 3. d3 Nf6 4. f4 d5 5. e5 Nd7 6. Nf3 e6 7. O-O b6 8. c4 g6 9. Nc3 Ne7 10. Nb5 Nf5 11. g4 Ng7 12. Nc3 Bb7 13. Qe1 Be7 14. Qf2 h5 15. h3 a6 16. Bd2 Qc7 17. a3 hxg4 18. hxg4 f5 19. g5 d4 20. Na2 O-O-O 21. Kg2 Nh5 22. Rh1 Bxg5 23. fxg5 Nxe5 24. Rag1 Bxf3+ 25. Bxf3 Nxd3 26. Bb7+ Qxb7+ 27. Qf3 Qxf3+ 28. Kxf3 e5 29. b4 e4+ 30. Ke2 Ng3+ 31. Rxg3 Rxh1 32. bxc5 Rdh8 33. Rg2 bxc5 34. Ba5 R8h2 0-1


[Site "https://www.chess.com"]

[Event "Titled Tuesday Blitz May 16 Early 2023"]
[White "Kalajzic, Ivan"]
[Black "Kvaloy, Aksel Bu"]
[WhiteFideId "14506378"]
[BlackFideId "1528815"]
[WhiteElo "2203"]
[BlackElo "2242"]
[Result "0-1"]
[Round "04"]
[TimeControl "180+2"]
[Date "2023.05.16"]
[WhiteClock "0:00:34"]
[BlackClock "0:01:37"]

1. d4 Nf6 2. Nc3 e6 3. Bg5 d5 4. e4 dxe4 5. Nxe4 Be7 6. Bxf6 Bxf6 7. Nf3 O-O 8. c3 Nd7 9. Bd3 b6 10. Qc2 Be7 11. h4 Bb7 12. O-O-O Rc8 13. Neg5 h6 14. Bh7+ Kh8 15. Bg8 Nf6 16. Nxf7+ Rxf7 17. Bxf7 Be4 18. Qd2 Qd5 19. b3 Ba3+ 20. Qb2 Bxb2+ 21. Kxb2 Bxf3 22. gxf3 Rf8 23. Bg6 Qxf3 24. Rd2 Nd5 25. Rc1 Qf4 26. Rcc2 e5 27. dxe5 Qxe5 28. h5 Nf4 29. Rd4 Nxg6 30. hxg6 Qf5 31. Rcd2 Qxg6 32. Rd8 Rxd8 33. Rxd8+ Kh7 34. Rd2 Qg5 35. Re2 Qf4 36. a4 a5 37. Kc2 h5 38. Rd2 h4 39. Rd4 Qxf2+ 40. Kd3 h3 41. Rd5 Qf3+ 42. Kc4 h2 43. b4 h1=Q 44. Kb5 Qxd5+ 45. Ka6 Qa8+ 46. Kb5 0-1


[Site "https://www.chess.com"]